 Dungeon Crawl Stone Soup version 0.25.0-10-g039870ee82 (webtiles) character file.

Game seed: 10417316653306919534

7 DeadF the Vexing (level 1, -1/7 HPs)
             Began as a Felid Enchanter on June 22, 2020.
             Slain by an adder (3 damage)
             ... on level 2 of the Dungeon.
             The game lasted 00:00:32 (418 turns).

DeadF the Vexing (Felid Enchanter)                   Turns: 418, Time: 00:00:32

Health: -1/7       AC:  1    Str:  4    XL:     1   Next: 91%
Magic:  4/4        EV: 18    Int: 16    God:
Gold:   0          SH:  0    Dex: 16    Spells: 3/4 levels left
                                        Lives:  0   Deaths: 0

rFire    . . .     SeeInvis +     - Unarmed
rCold    . . .     Gourm    .   (shield unavailable)
rNeg     . . .     Faith    .   (armour unavailable)
rPois    .         Spirit   .   (helmet unavailable)
rElec    .         Reflect  .   (cloak unavailable)
rCorr    .         Harm     .   (gloves unavailable)
MR       .....                  (boots unavailable)
Stlth    +++.......             (no amulet)
HPRegen  0.02/turn              (no ring)
MPRegen  0.09/turn              (no ring)

@: quick
A: very small, no armour, no weapons or thrown items, stealth, claws 1, fangs 3,
see invisible, carnivore, speed 1, shaggy fur 1, slow metabolism 1, sharp paws
a: no special abilities


You were on level 2 of the Dungeon.
You were not hungry.

You visited 1 branch of the dungeon, and saw 2 of its levels.

Inventory:

Scrolls
 a - a scroll of random uselessness {unknown}
Potions
 c - a potion of degeneration {unknown}
Comestibles
 b - a ration


   Skills:
 + Level 3.2 Dodging
 + Level 4.4 Stealth
 - Level 1.0 Unarmed Combat
 - Level 2.0 Spellcasting
 - Level 4.4 Hexes


You had 3 spell levels left.
You knew the following spells:

 Your Spells              Type           Power        Failure   Level  Hunger
a - Corona                Hex            ###....      3%          1    #......

Your spell library contained the following spells:

 Spells                   Type           Power        Failure   Level  Hunger
 Confusing Touch          Hex            ###.....     11%         3    ###....
 Tukima's Dance           Hex            ###.....     11%         3    ###....
 Ensorcelled Hibernation  Hex/Ice        #.....       13%         2    ###....
 Dazzling Flash           Conj/Hex       #.....       26%         3    ###....


Dungeon Overview and Level Annotations

Branches:
Dungeon (2/15)

Altars:
Gozag
Trog

Shops:
D:2 *

Annotations:
D:2 Robin


Innate Abilities, Weirdness & Mutations

You cannot wear armour.
You are incapable of wielding weapons or throwing items.
Your paws allow you to move quietly. (Stealth)
You have sharp claws.
You have razor-sharp teeth.
You have supernaturally acute eyesight. (SInv)
You are carnivorous and can eat meat at any time.
You cover ground quickly.
You are covered in fur. (AC +1)
You have a slow metabolism.
Your sharp claws are effective at attacking unaware monsters.


Message History

The goblin closely misses you.
You closely miss the goblin.
The goblin is severely wounded.
The goblin barely misses you.
You barely miss the goblin.
The goblin is severely wounded.
The goblin misses you.
You scratch the goblin.
You kill the goblin!
You scratch the goblin.
You kill the goblin!
Robin throws the goblin at you!
Things that are here:
a +0 hunting sling; 17 stones You scratch the goblin.
You kill the goblin!
The adder bites you.
* * * LOW HITPOINT WARNING * * *
The adder bites you.
You die...

..# #...# #...#
#.###.#.###.#.#
#..#..#..#..#.##
##...###...##..##
#...# #...###..#
###.##
##.#####.## ###
#####.#..## .#
#..)...###.# #.##
#.##.@.....# ....
.. ##S####.# .#
## #l# # #.# #
#g# #.g...._..
#g##.#...# .. .#
## ### .


You could see Robin, an adder, 2 hobgoblins and a frilled lizard.

Vanquished Creatures
  5 goblins (D:2)
  A bat (D:1)
  2 rats
8 creatures vanquished.

Notes
Turn   | Place    | Note
-------+----------+-------------------------------------------
     0 | D:1      | DeadF the Felid Enchanter began the quest for the Orb.
     0 | D:1      | Reached XP level 1. HP: 7/7 MP: 4/4
   332 | D:2      | Found an opulent altar of Gozag.
   336 | D:2      | Found Gozag's Platinum Reserve.
   402 | D:2      | Found a bloodstained altar of Trog.
   404 | D:2      | Noticed Robin
   418 | D:2      | Slain by an adder

Illustrated notes

Levels and vault maps discovered:
D:1:      dpeg_arrival_simpleton_c, layout_rooms, serial_forest,
          infiniplex_forest_clump_curved, infiniplex_forest_lined_3_way,
          infiniplex_forest_clump_small, infiniplex_forest_clump_C,
          infiniplex_forest_straight_2, infiniplex_forest_clump_medium,
          infiniplex_forest_fountain, infiniplex_forest_end_3,
          infiniplex_forest_corner_2
D:2:      layout_rooms, overflow_temple_1_default,
          nicolae_overflow_crystal_walls, first_ration, serial_curves,
          eino_curves_03, eino_curves_03, eino_curves_03,
          nicolae_gozag_zags_fifth_avenue, uniq_robin

Skill      XL: |  1 |
---------------+----+-----
Dodging        | 3 |  3.2
Stealth        | |  4.4
Unarmed Combat | |  1.0
Spellcasting   | |  2.0
Hexes          | |  4.4

Action                   || total
-------------------------++-------
Melee: Unarmed           ||    24
       Punch             ||     1
 Stab: Sleeping          ||     3
  Eat: Chunk             ||     1
Armor: Skin              ||     7
Dodge: Dodged            ||    37
